 Dungeon Crawl Stone Soup version 0.22.1-2-g9c5b331 (webtiles) character file.

133 nicolaieve the Cudgeler (level 4, -11/39 HPs)
             Began as a Minotaur Berserker on Dec 19, 2018.
             Was a Believer of Trog.
             Mangled by an ogre
             ... wielding a +0 giant club
              (18 damage)
             ... on level 4 of the Dungeon.
             The game lasted 00:06:06 (2346 turns).

nicolaieve the Cudgeler (Minotaur Berserker)        Turns: 2346, Time: 00:06:07

Health: -11/39     AC:  5    Str: 22    XL:     4   Next: 94%
Magic:  0/3        EV: 11    Int:  4    God:    Trog [**....]
Gold:   182        SH:  0    Dex: 10    Spells: 3/3 levels left

rFire    . . .     SeeInvis .   a - +0 mace
rCold    . . .     Gourm    .   (no shield)
rNeg     . . .     Faith    .   f - +0 ring mail
rPois    .         Spirit   +   (helmet restricted)
rElec    .         Reflect  .   (no cloak)
rCorr    .         Harm     .   (no gloves)
MR       .....                  (no boots)
Stlth    ..........             m - amulet of guardian spirit
HPRegen  0.13/turn              (no ring)
MPRegen  0.08/turn              (no ring)

@: berserk cooldown, slowed, very slow
A: retaliatory headbutt, horns 2
a: Berserk, Trog's Hand, Renounce Religion


You were on level 4 of the Dungeon.
You worshipped Trog.
Trog was pleased with you.
You were very hungry.

You visited 1 branch of the dungeon, and saw 4 of its levels.

You collected 182 gold pieces.

Inventory:

Hand Weapons
 a - a +0 mace (weapon)
Missiles
 g - 133 stones (quivered)
Armour
 f - a +0 ring mail (worn)
Jewellery
 m - an amulet of guardian spirit (around neck)
Scrolls
 e - 4 scrolls of identify {unknown}
 h - 2 scrolls of remove curse {unknown}
 j - a scroll of magic mapping {unknown}
 k - a scroll of fog {unknown}
 n - a scroll of blinking {unknown}
Potions
 d - 2 potions of curing {unknown}
 i - a potion of agility {unknown}
 l - a potion of ambrosia {unknown}
Comestibles
 b - a chunk of flesh
 c - 7 rations


   Skills:
 - Level 3.6 Fighting
 + Level 6.9 Maces & Flails
 - Level 2.4 Armour
 - Level 2.1 Dodging


You had 3 spell levels left.
You didn't know any spells.
Your spell library was empty.

Dungeon Overview and Level Annotations

Branches:
Dungeon (4/15)
 Temple: D:4-7

Altars:
Fedhas
Gozag
Okawaru
Uskayaw
Yredelemnul
The Shining One


Innate Abilities, Weirdness & Mutations

You reflexively headbutt those who attack you in melee.
You have a pair of horns on your head.


Message History

An orc comes into view. It is wielding a hand axe.
The ogre shouts!
You hear a shout!
Found a chain mail.
You feel your anger nearly subside.
You sock the dart slug!
You kill the dart slug!
Trog accepts your kill.
You are no longer berserk.
You are exhausted.
You feel yourself slow down. The orc misses you.
The ogre hits you with a giant club!! The orc hits you but does no damage.
You thump the orc!
You kill the orc!
Trog accepts your kill. The ogre hits you with a giant club!
* * * LOW HITPOINT WARNING * * *
The orc shouts!
The ogre hits you with a giant club!!
You die...

.......#......####
......[...........
..................
..................
................. ..
......................... ...
.........o......O..†.######?..
.......o........@.............
.....o........................
........ ..o..................
.....o. ............††.......
###...####'#.......#.†........
.....<.............#..<.......
.........#.#.##.###.....###...
.........#.#. #.........# #.
...##...... #.........#


You could see an ogre, an orc wizard and an orc.

Vanquished Creatures
  5 adders
  A worm (D:2)
  2 dart slugs
  5 leopard geckos
  6 orcs
  5 bats
  4 giant cockroaches
  7 goblins
  4 hobgoblins
  7 jackals
  5 kobolds
  3 quokkas
  2 ball pythons (D:2)
  4 frilled lizards
  5 rats
65 creatures vanquished.

Notes
Turn   | Place    | Note
-------+----------+-------------------------------------------
     0 | D:1      | nicolaieve the Minotaur Berserker began the quest for the
                  | Orb.
     0 | D:1      | Reached XP level 1. HP: 19/19 MP: 0/0
   207 | D:1      | Reached skill level 4 in Maces & Flails
   344 | D:1      | Reached XP level 2. HP: 25/26 MP: 1/1
  1016 | D:2      | Reached skill level 5 in Maces & Flails
  1061 | D:2      | Reached XP level 3. HP: 30/31 MP: 2/2
  1157 | D:2      | Found a blossoming altar of Fedhas.
  1176 | D:2      | Found an opulent altar of Gozag.
  1202 | D:2      | Found a hide-covered altar of Uskayaw.
  1261 | D:2      | Reached ** piety under Trog
  1624 | D:3      | Reached skill level 6 in Maces & Flails
  1624 | D:3      | Reached XP level 4. HP: 39/39 MP: 3/3
  1858 | D:3      | Found an iron altar of Okawaru.
  2008 | D:3      | Found a basalt altar of Yredelemnul.
  2027 | D:3      | Found a glowing golden altar of the Shining One.
  2284 | D:4      | Noticed an ogre
  2346 | D:4      | Mangled by an ogre

Skill      XL: |  1  2  3 |
---------------+----------+-----
Maces & Flails | 4 5 6 |  6.9
Fighting       | |  3.6
Armour         | |  2.4
Dodging        | |  2.1

Action                   |  1- 3 |  4- 6 || total
-------------------------+-------+-------++-------
Melee: Mace              |    68 |    57 ||   125
       Headbutt          |     6 |     4 ||    10
Invok: Berserk           |     1 |     1 ||     2
       Trog's Hand       |     1 |     1 ||     2
  Eat: Chunk             |     1 |     5 ||     6
Armor: Leather armour    |     5 |       ||     5
       Ring mail         |    16 |    36 ||    52
Dodge: Dodged            |    34 |    62 ||    96
